 Dungeon Crawl Stone Soup version 0.30-a0-371-gad7725a93e (webtiles) character file.

Game seed: 17041199185457330827

862 horus123 the Firebug (level 7, -1/36 HPs)
             Began as a Deep Elf Fire Elementalist on Nov 21, 2022.
             Was an Initiate of Qazlal.
             Slain by Edmund
             ... wielding a +5 flail of protection
              (9 damage)
             ... on level 4 of the Dungeon.
             The game lasted 00:10:25 (4823 turns).

horus123 the Firebug (Deep Elf Fire Elementalist)   Turns: 4823, Time: 00:10:27

Health: -1/36      AC:  5    Str: 11    XL:     7   Next: 72%
Magic:  3/16       EV: 16    Int: 22    God:    Qazlal [......]
Gold:   162        SH:  0    Dex: 15    Spells: 9/16 levels left

rFire   . . .      SeeInvis .    i - +1 scythe (flame)
rCold   . . .      Faith    .    (shield currently unavailable)
rNeg    . . .      Spirit   .    a - +0 robe
rPois   .          Reflect  .    (no helmet)
rElec   .          Harm     .    b - +1 cloak
rCorr   .          Rampage  .    c - +0 pair of gloves
Will    .....                    (no boots)
Stlth   ++........               (no amulet)
HPRegen 0.26/turn                e - +4 ring of evasion
MPRegen 0.15/turn                k - +6 ring of strength

@: no status effects
A: no striking features
a: Renounce Religion


You were on level 4 of the Dungeon.
You worshipped Qazlal.
Qazlal was noncommittal.
You visited 2 branches of the dungeon, and saw 5 of its levels.

You collected 162 gold pieces.

Inventory:

Hand Weapons
 f - a +0 long sword of protection
 i - a +1 scythe of flaming (weapon)
 w - a +2 quarterstaff of chaos
Missiles
 t - a throwing net
Armour
 a - a +0 robe (worn)
 b - a +1 cloak (worn)
 c - a +0 pair of gloves (worn)
Jewellery
 e - a +4 ring of evasion (left hand)
 j - an amulet of guardian spirit
 k - a +6 ring of strength (right hand)
 l - a ring of resist corrosion
Wands
 p - a wand of roots (9)
Scrolls
 d - a scroll of summoning
 g - 2 scrolls of immolation
 m - a scroll of teleportation
 o - a scroll of blinking
 r - a scroll of fog {unknown}
 s - a scroll of fear {unknown}
 x - a scroll of enchant armour {unknown}
Potions
 h - 2 potions of mutation
 n - 3 potions of degeneration
 q - a potion of heal wounds
 u - a potion of curing
 v - a potion of lignification {unknown}


   Skills:
 - Level 2.4 Dodging
 - Level 2.4 Stealth
 - Level 5.0 Spellcasting
 - Level 3.1 Conjurations
 - Level 4.0 Translocations
 - Level 7.0 Fire Magic
 + Level 3.2 Air Magic


You had 9 spell levels left.
You knew the following spells:

 Your Spells              Type           Power      Damage    Failure   Level
a - Foxfire               Conj/Fire      100%       2x1d9     1%          1
b - Scorch                Fire           72%        2d9       1%          2
c - Kindle Blastsparks    Fire/Tloc/Air  52%        2d14      4%          3
d - Magic Dart            Conj           76%        1d6       2%          1

Your spell library contained the following spells:

 Spells                   Type           Power      Damage    Failure   Level
 Inner Flame              Hex/Fire       20%        N/A       7%          3
 Flame Wave               Conj/Fire      27%        2d9       12%         4
 Mephitic Cloud           Conj/Pois/Air  14%        N/A       13%         3
 Call Imp                 Summ           5%         N/A       16%         2


Dungeon Overview and Level Annotations

Branches:
Dungeon (4/15)             Temple (1/1) D:4

Altars:
Ashenzari
Cheibriados
Elyvilon
Fedhas
Gozag
Hepliaklqana
Makhleb
Qazlal
Sif Muna
Uskayaw
Zin

Annotations:
D:4 Edmund


Message History

Confirm with . or Enter, or press ? or * to list all spells.
You conjure some foxfire!
Casting: Foxfire (safe; 1% risk of failure)
Confirm with . or Enter, or press ? or * to list all spells.
You conjure some foxfire!
Casting: Foxfire (safe; 1% risk of failure)
Confirm with . or Enter, or press ? or * to list all spells.
You conjure some foxfire!
The foxfire hits Edmund.
Edmund is lightly wounded.
The foxfire hits Edmund but does no damage.
Edmund is lightly wounded.
The foxfire hits Edmund.
Edmund is lightly wounded.
The foxfire hits Edmund but does no damage.
Edmund is lightly wounded.
The foxfire hits Edmund but does no damage.
Edmund is lightly wounded.
The foxfire hits Edmund!
Edmund is moderately wounded.
Okay, then.
Flames lash Edmund but do no damage.
Flames lash Edmund.
Edmund is heavily wounded.
Edmund's fire resistance burns away.
An ogre comes into view. It is wielding a +0 giant spiked club.
Edmund hits you with a +5 flail of protection!
Flames lash the ogre.
The ogre is heavily wounded.
The ogre's fire resistance burns away.
Edmund closely misses you.
Flames lash the ogre.
The ogre is burned terribly!
The ogre is severely wounded.
Edmund barely misses you.
Casting: Scorch (safe; 1% risk of failure)
Confirm with . or Enter, or press ? or * to list all spells.
A cloud of volatile blastsparks flares up around you!
The ogre hits you with a +0 giant spiked club!!
Ouch! That really hurt!
* * * LOW HITPOINT WARNING * * *
Edmund hits you with a +5 flail of protection!
You die...

# #.# #.# #.# #.#
#~ #.# .#~ #.# #
### ##.. #.# #.
..###.. . #.####
#.###O#.##....
#....#
#.....@@......
####.#
###........### #.#
#.##.#####
##†######.##.####
##................
##.....####..#####.
###.......# #..#
..........# #..#
###......># #..#


You could see Edmund (combustible) and an ogre (combustible).

Vanquished Creatures
  Sigmund (D:3)
  An ogre (D:4)
  A phantom (D:4)
  A necrophage (D:4)
  2 scorpions (D:4)
  A jelly (D:3)
  Crazy Yiuf (D:3)
  Ijyb (D:3)
  Natasha (thrice) (D:2)
  An iguana (D:4)
  4 gnolls (D:3)
  3 adders
  3 worms
  4 dart slugs
  13 orcs
  10 endoplasms
  2 giant cockroaches
  2 goblins
  7 hobgoblins
  6 jackals
  11 kobolds
  3 quokkas
  2 ball pythons
  5 bats
  5 frilled lizards (D:1)
  6 rats
99 creatures vanquished.

Vanquished Creatures (others)
  113 foxfires
  6 fungi (D:4)
  10 plants (D:1)
129 creatures vanquished.

Grand Total: 228 creatures vanquished

Notes
Turn   | Place    | Note
-------+----------+-------------------------------------------
     0 | D:1      | horus123 the Deep Elf Fire Elementalist began the quest for
                  | the Orb.
     0 | D:1      | Reached XP level 1. HP: 10/10 MP: 6/6
   309 | D:1      | Reached XP level 2. HP: 15/15 MP: 5/9
   789 | D:1      | Learned a level 2 spell: Scorch
   865 | D:1      | Reached XP level 3. HP: 8/19 MP: 8/11
   915 | D:1      | Learned a level 3 spell: Kindle Blastsparks
  1012 | D:1      | Reached skill level 5 in Spellcasting
  1653 | D:2      | Noticed Natasha
  1659 | D:2      | Killed Natasha
  1660 | D:2      | Reached XP level 4. HP: 24/24 MP: 5/13
  1807 | D:2      | Noticed Natasha
  1811 | D:2      | Killed Natasha
  1812 | D:2      | Reached skill level 1 in Translocations
  2119 | D:2      | Noticed Natasha
  2122 | D:2      | Killed Natasha
  2123 | D:2      | Reached XP level 5. HP: 22/28 MP: 9/14
  2128 | D:2      | Learned a level 1 spell: Magic Dart
  2718 | D:3      | Noticed Sigmund
  2724 | D:3      | Killed Sigmund
  2725 | D:3      | Reached skill level 4 in Fire Magic
  2725 | D:3      | Reached XP level 6. HP: 32/32 MP: 6/15
  2898 | D:3      | Noticed Ijyb
  2903 | D:3      | Killed Ijyb
  3015 | D:3      | Reached skill level 5 in Fire Magic
  3202 | D:3      | Found a faded altar of an unknown god.
  3440 | D:3      | Found a runed translucent door.
  3441 | D:3      | Noticed Crazy Yiuf
  3449 | D:3      | Killed Crazy Yiuf
  3941 | D:4      | Found a staircase to the Ecumenical Temple.
  4003 | D:4      | Reached skill level 6 in Fire Magic
  4003 | D:4      | Reached XP level 7. HP: 36/36 MP: 9/16
  4097 | Temple   | Entered the Ecumenical Temple
  4375 | Temple   | Became a worshipper of Qazlal Stormbringer
  4420 | D:4      | Reached skill level 7 in Fire Magic
  4495 | D:4      | Reached skill level 1 in Air Magic
  4813 | D:4      | Noticed Edmund
  4823 | D:4      | Slain by Edmund

Illustrated notes

Levels and vault maps discovered:
D:1:      minmay_arrival_hallway, layout_rooms, lexackson_kobold_supper
D:2:      layout_basic, uniq_natasha
D:3:      layout_loops_cross, hellmonk_ecumenical_altar_zigzags, uniq_ijyb,
          uniq_crazy_yiuf_cottage, uniq_sigmund
D:4:      layout_loops_ring, jmf_multi_god_temple,
          nicolae_yredelemnul_ghost_church, minmay_temple_entry_gardened_gates,
          serial_aquarium, aquarium_bridge_square [aquarium_subvault_bridge,
          aquarium_subvault_wall, aquarium_subvault_balcony,
          aquarium_subvault_wall], aquarium_window_3, aquarium_window_fake,
          aquarium_window_fake, aquarium_view_4, aquarium_pool_split,
          uniq_edmund
Temple:   minmay_temple_curvy_loop

Skill      XL: |  1  2  3  4  5  6  7 |
---------------+----------------------+-----
Spellcasting   | 4 5 |  5.0
Conjurations   | 3 |  3.1
Translocations | 2 4 |  4.0
Fire Magic     | 4 6 7 |  7.0
Air Magic      | 3 |  3.2
Dodging        | |  2.4
Stealth        | |  2.4

Action                   |  1- 3 |  4- 6 |  7- 9 || total
-------------------------+-------+-------+-------++-------
Melee: Long sword        |    26 |     2 |       ||    28
       Halberd           |       |    13 |    17 ||    30
 Cast: Foxfire           |    62 |       |     3 ||    65
       Scorch            |    19 |    64 |    27 ||   110
       Kindle Blastspark |       |     2 |     1 ||     3
       Magic Dart        |       |     1 |       ||     1
  Use: Scroll            |     3 |     8 |       ||    11
       Potion            |       |     2 |       ||     2
 Stab: Sleeping          |     2 |     1 |       ||     3
Armor: Robe              |     7 |     3 |     5 ||    15
Dodge: Dodged            |    34 |    35 |    22 ||    91

Table legend: (Time is in decaauts)
 A = Elapsed time spent in this place.
 B = Non-inter-level travel time spent in this place.
 C = Inter-level travel time spent in this place.
 D = Time resting spent in this place.
 E = Time spent auto-exploring this place.
 F = Levels seen in this place.
 G = Mean time per level.
                   A        B        C        D        E       F      G
               +--------+--------+--------+--------+--------+-----+--------+
         Total |   4846 |   4735 |    111 |    305 |   3700 |   5 |  969.2 |
       Dungeon |   4539 |   4457 |     82 |    305 |   3486 |   4 | 1134.8 |
        Temple |    307 |    278 |     29 |      0 |    214 |   1 |  307.0 |
               +--------+--------+--------+--------+--------+-----+--------+

Top non-repeatable levels by time:
     D:2: 1523 daAuts
     D:3: 1312 daAuts
     D:1: 1118 daAuts
     D:4: 584 daAuts
  Temple: 307 daAuts
